 Dungeon Crawl Stone Soup version 0.16.0-17-g811c1d7 (webtiles) character file.

34821 timbw the Unseen (level 13, -10/65 HPs)
             Began as a Spriggan Ice Elementalist on Mar 20, 2015.
             Splashed by an acid blob's acid (13 damage)
             ... on level 6 of the Pits of Slime.
             The game lasted 00:42:12 (16470 turns).

timbw the Unseen (Spriggan Ice Elementalist)       Turns: 16470, Time: 00:42:12

Health: -10/65     AC: -2    Str:  4    XL:     13   Next: 44%
Magic:  0/31       EV: 35    Int: 16    God:
Gold:   1249       SH:  0    Dex: 22    Spells: 4 memorised, 17 levels left

rFire  . . .     SeeInvis +     A - +0 dagger (elec)
rCold  . . .     Clarity  .     a - +0 robe
rNeg   . . .     SustAb   .     (shield restricted)
rPois  .         Gourm    .     (helmet restricted)
rElec  .         Spirit   +     x - +0 cloak
rCorr  .         Warding  .     (gloves unavailable)
rMut   .         Stasis   .     (boots unavailable)
MR     ++...                    t - amulet of guardian spirit
Stlth  +++++++++.               b - ring of stealth
                                w - ring of wizardry

@: corroded equipment, repel missiles, very quick, very resistant to hostile
enchantments, incredibly stealthy
A: unfitting armour, see invisible, herbivore 3, speed 3, screaming 1, slow
metabolism 2
a: no special abilities


You were on level 6 of the Pits of Slime.
You were full.

You visited 4 branches of the dungeon, and saw 29 of its levels.
You also visited: Bailey.

You collected 1296 gold pieces.
You spent 47 gold pieces at shops.

Inventory:

Hand weapons
 i - a +3 dagger of venom
 r - a +0 blowgun
 A - a +0 dagger of electrocution (weapon)
Missiles
 n - 7 needles of confusion
 z - 2 curare-tipped needles
 R - 7 poisoned needles
 U - 3 tomahawks (quivered)
Armour
 a - a +0 robe (worn)
 q - a +0 buckler
 x - a +0 cloak (worn)
 G - a fire dragon hide
Jewellery
 b - a ring of stealth (right hand)
 p - an uncursed ring of protection from magic
 t - an amulet of guardian spirit (around neck)
 w - a ring of wizardry (left hand)
 T - an uncursed amulet of regeneration {unknown}
 V - an uncursed amulet of warding {unknown}
 W - an uncursed ring of protection from cold
Magical devices
 d - a wand of random effects (7)
 m - a wand of slowing (10)
 s - a wand of frost (25)
 y - a wand of enslavement (11)
 H - a wand of fire (4)
 K - a wand of slowing (29)
Scrolls
 f - 5 scrolls of remove curse
 h - a scroll of fog
 j - 4 scrolls of immolation
 l - 3 scrolls of noise
 o - a scroll of enchant weapon
 C - a scroll of teleportation
Potions
 e - a potion of lignification {unknown}
 g - 2 potions of agility
 k - a potion of cure mutation
 B - 2 potions of magic
 D - a potion of heal wounds
 J - 3 potions of brilliance
 M - 2 potions of restore abilities
 N - 3 potions of might
 P - 4 potions of curing
 Y - 2 potions of berserk rage {unknown}
 Z - 2 potions of cancellation {unknown}
Books
 v - a book of the Earth

   Spells                             Type                      Level
   a - Leda's Liquefaction            Hexes/Earth                  4
   b - Bolt of Magma                  Conjuration/Fire/Earth       5
   c - Statue Form                    Transmutation/Earth          6
   d - Iron Shot                      Conjuration/Earth            6
   e - Shatter                        Earth                        9
 L - a book of Air

   Spells                             Type                      Level
   a - Shock                          Conjuration/Air              1
   b - Swiftness                      Charms/Air                   2
   c - Repel Missiles                 Charms/Air                   2
   d - Flight                         Charms/Air                   3
   e - Static Discharge               Conjuration/Air              3
   f - Lightning Bolt                 Conjuration/Air              5
 X - a book of Fire

   Spells                             Type                      Level
   a - Ignite Poison                  Fire/Transmutation           5
   b - Fireball                       Conjuration/Fire             5
   c - Bolt of Fire                   Conjuration/Fire             6
   d - Delayed Fireball               Conjuration/Fire             7
   e - Ring of Flames                 Charms/Fire                  7
Miscellaneous
 I - a box of beasts
 Q - a disc of storms
Comestibles
 c - 7 bread rations
 u - a royal jelly
 E - 24 fruits


   Skills:
 + Level 5.6 Fighting
 - Level 10.6 Short Blades
 + Level 3.3 Throwing
 + Level 16.3 Dodging
 * Level 18.9 Stealth
 - Level 6.7 Spellcasting
 - Level 0.6 Conjurations
 - Level 2.4 Ice Magic
 + Level 9.9 Evocations


You had 17 spell levels left.
You knew the following spells:

 Your Spells              Type           Power        Failure   Level  Hunger
a - Freeze                Ice            ##..         2%          1    None
b - Throw Frost           Conj/Ice       ##....       4%          2    None
c - Repel Missiles        Chrm/Air       #.....       9%          2    None
d - Ozocubu's Armour      Chrm/Ice       #.......     12%         3    ##.....


Dungeon Overview and Level Annotations

Branches:
Dungeon (14/15)            Temple (1/1) D:5            Lair (8/8) D:11
  Swamp (0/5) Lair:4        Snake (0/5) Lair:3        Slime (6/6) Lair:7
    Orc (0/4) D:11
 Vaults: D:13-14

Altars:
Ashenzari
Cheibriados
Elyvilon
Fedhas
Gozag
Makhleb
Nemelex Xobeh
Okawaru
Qazlal
Ru
Trog
Vehumet
Xom
Zin
The Shining One

Shops:
D:4 *   D:5 (

Annotations:
D:5 Blork the orc; Dowan; Duvessa; Menkaure; roverover's ghost, experienced OpSu
D:6 Sorcv's ghost, experienced KoEn
Lair:3 Maud
Lair:7 Rupert


Innate Abilities, Weirdness & Mutations

You are tiny and cannot use many weapons and most armour.
You have supernaturally acute eyesight.
You are a herbivore.
You cover ground extremely quickly.
You need consume almost no food.
You occasionally shout uncontrollably at your foes.


Message History

The splash of acid misses you.
Read which item? (? for menu, Esc to quit)
As you read the scroll of fear, it crumbles to dust.
You assume a fearsome visage.
The acid blob resists with almost no effort.
The acid blob hits you!
* * * LOW HITPOINT WARNING * * *
You are splashed with acid!
The acid burns!
* * * LOW HITPOINT WARNING * * *
The acid blob misses you.
You climb downwards.
You sense a powerful magical force warping space.
There is a stone staircase leading up here.
The acid blob spits acid at you.
The splash of acid is repelled.
The acid blob spits acid at you. The splash of acid hits you!
* * * LOW HITPOINT WARNING * * *
The acid corrodes your equipment!
The acid burns!
You die...

#...##...###
#####....#....##
##..............##
.........<........
...................
.........J........
...................
..................
.........@........
..................
................
...............
...............
.............
...........
......... ...


You could see an acid blob.

Vanquished Creatures
  An acid blob (Slime:3)
  2 hydras
  2 tengu warriors (D:13)
  Nergalle (Lair:3)
  A hill giant (D:14)
  A shining eye (Slime:1)
  An ugly thing (D:11)
  5 black mambas
  8 spiny frogs
  2 fire drakes
  6 komodo dragons
  A tengu conjurer (D:13)
  10 polar bears
  A troll (D:13)
  3 ravens
  A trapdoor spider zombie (D:12)
  8 blink frogs
  8 spriggans (Lair:8)
  27 yaks
  A basilisk (Lair:2)
  5 redbacks (Lair:8)
  A shadow (D:11)
  A vampire (D:13)
  22 wolves
  4 hippogriffs
  3 swamp worms (Lair:4)
  11 water moccasins
  2 sky beasts
  3 black bears (Lair:8)
  6 orc warriors
  An eye of draining (D:11)
  8 porcupines
  A swamp drake (D:11)
  2 wasps (Lair:8)
  3 ogres
  11 crocodiles
  7 centaurs
  2 big kobolds
  A wyvern zombie (D:12)
  18 giant frogs
  A water moccasin skeleton (D:11)
  2 scorpions
  A killer bee (D:10)
  A crimson imp (D:12)
  An electric eel (Lair:6)
  Crazy Yiuf (D:7)
  A giant frog skeleton (D:7)
  3 orc priests
  5 hounds
  7 iguanas
  3 orc wizards
  5 jellies
  A centaur skeleton (D:10)
  5 worker ants
  12 sheep (Lair:3)
  Jessica (D:3)
  A hound zombie (D:6)
  18 adders
  A shadow imp (D:13)
  25 river rats
  3 giant mites
  3 worms
  4 giant geckos
  2 oozes (Lair:7)
  24 orcs
  5 bats
  2 bat skeletons
  A giant cockroach (D:1)
  15 goblins
  8 hobgoblins
  6 jackals
  8 quokkas
  6 giant newts
  A jackal skeleton (D:8)
  29 kobolds
  9 rats
423 creatures vanquished.

Vanquished Creatures (others)
  Snorg (Lair:7)
  3 fungi
  A plant (Lair:8)
5 creatures vanquished.

Grand Total: 428 creatures vanquished

Notes
Turn   | Place    | Note
--------------------------------------------------------------
     0 | D:1      | timbw, the Spriggan Ice Elementalist, began the quest for the Orb.
     0 | D:1      | Reached XP level 1. HP: 9/9 MP: 4/4
    95 | D:3      | Noticed Jessica
   100 | D:3      | Reached skill level 4 in Stealth
   106 | D:3      | Killed Jessica
   106 | D:3      | Reached skill level 5 in Stealth
   106 | D:3      | Reached XP level 2. HP: 2/13 MP: 0/7
   295 | D:3      | Reached XP level 3. HP: 8/16 MP: 5/9
   441 | D:3      | Reached skill level 6 in Stealth
   745 | D:2      | Reached XP level 4. HP: 17/21 MP: 12/12
   794 | D:2      | Reached skill level 1 in Short Blades
  1244 | D:4      | Reached XP level 5. HP: 6/24 MP: 14/14
  1257 | D:4      | Reached skill level 5 in Dodging
  1820 | D:4      | Noticed an ogre
  1852 | D:4      | Learned a level 2 spell: Throw Frost
  1882 | D:4      | Killed an ogre
  1882 | D:4      | Reached XP level 6. HP: 9/28 MP: 1/17
  1999 | D:4      | Found Gozag's Platinum Reserve.
  2002 | D:4      | Found an opulent altar of Gozag.
  2032 | D:5      | Entered Level 5 of the Dungeon
  2032 | D:5      | Found Zule's Antique Weapon Boutique.
  2270 | D:5      | Bought a blowgun for 47 gold pieces
  2477 | D:5      | Found a bloodstained altar of Trog.
  2486 | D:5      | Noticed roverover's ghost (experienced OpSu)
  2526 | D:5      | Noticed Blork the orc
  2546 | D:5      | Reached skill level 7 in Dodging
  2564 | D:5      | Reached XP level 7. HP: 14/32 MP: 19/19
  2583 | D:5      | Found a staircase to the Ecumenical Temple.
  2601 | Temple   | Entered the Ecumenical Temple
  2624 | D:5      | Noticed Duvessa
  2625 | D:5      | Noticed Dowan
  2822 | D:5      | Noticed Menkaure
  2911 | D:6      | Noticed Sorcv's ghost (experienced KoEn)
  2951 | D:6      | Reached skill level 5 in Short Blades
  3198 | D:7      | Reached skill level 8 in Dodging
  3402 | D:7      | Noticed Crazy Yiuf
  3414 | D:7      | Killed Crazy Yiuf
  3579 | D:8      | Reached skill level 9 in Dodging
  3849 | D:7      | Found a stormy altar of Qazlal.
  3852 | D:7      | Found a blossoming altar of Fedhas.
  3877 | D:7      | Reached XP level 8. HP: 36/36 MP: 20/20
  4162 | D:10     | Entered Level 10 of the Dungeon
  4236 | D:10     | Reached skill level 10 in Dodging
  4306 | D:11     | Found a flagged portal.
  4312 | Bailey   | Entered a bailey
  4822 | Bailey   | Found a burning altar of Makhleb.
  4942 | D:11     | Found a staircase to the Orcish Mines.
  4955 | D:11     | Noticed a green ugly thing
  4957 | D:11     | Killed a green ugly thing
  4957 | D:11     | Reached skill level 11 in Dodging
  4957 | D:11     | Reached XP level 9. HP: 39/39 MP: 22/22
  5277 | D:11     | Noticed a komodo dragon
  5281 | D:11     | Killed a komodo dragon
  5285 | D:11     | Reached skill level 10 in Stealth
  5311 | D:11     | Noticed a komodo dragon
  5433 | D:12     | Reached skill level 12 in Dodging
  5489 | D:12     | Learned a level 4 spell: Condensation Shield
  5493 | D:12     | Learned a level 3 spell: Ozocubu's Armour
  5563 | D:12     | Reached XP level 10. HP: 27/44 MP: 17/24
  5844 | D:13     | Noticed a tengu warrior
  5881 | D:13     | Killed a tengu warrior
  6132 | D:13     | Reached skill level 13 in Dodging
  6191 | D:13     | Reached skill level 10 in Short Blades
  6191 | D:13     | Reached skill level 5 in Spellcasting
  6208 | D:13     | Noticed a tengu warrior
  6240 | D:13     | Killed a tengu warrior
  6710 | D:14     | Found a blossoming altar of Fedhas.
  6745 | D:14     | Noticed a hill giant
  6751 | D:14     | Killed a hill giant
  6800 | D:13     | Noticed a centaur warrior
  6801 | D:13     | Noticed a manticore
  6806 | D:14     | Noticed a centaur warrior
  6983 | D:11     | Reached XP level 11. HP: 23/47 MP: 24/29
  7179 | D:11     | Killed a komodo dragon
  7231 | D:11     | Found a staircase to the Lair.
  7439 | Lair:1   | Entered Level 1 of the Lair of Beasts
  7719 | Lair:1   | Reached skill level 1 in Fighting
  7719 | Lair:1   | Reached skill level 1 in Evocations
  7978 | Lair:1   | Reached skill level 14 in Dodging
  8848 | Lair:3   | Found a staircase to the Snake Pit.
  8874 | Lair:3   | Noticed Nergalle
  8952 | Lair:3   | Killed Nergalle
  9312 | Lair:3   | Noticed Maud
  9475 | Lair:3   | Reached skill level 5 in Evocations
  9914 | Lair:4   | Reached skill level 15 in Stealth
  9953 | Lair:4   | Learned a level 2 spell: Repel Missiles
 10382 | Lair:4   | Reached XP level 12. HP: 49/57 MP: 25/30
 10490 | Lair:4   | Found a staircase to the Swamp.
 11074 | Lair:5   | Noticed a six-headed hydra
 11082 | Lair:5   | Killed a six-headed hydra
 11082 | Lair:5   | Reached skill level 15 in Dodging
 11082 | Lair:5   | Reached skill level 16 in Stealth
 11551 | Lair:7   | Killed Snorg
 11909 | Lair:7   | Noticed Rupert
 11954 | Lair:8   | Entered Level 8 of the Lair of Beasts
 12202 | Lair:8   | Reached skill level 17 in Stealth
 13342 | Lair:8   | Reached skill level 5 in Fighting
 13427 | Lair:8   | Reached skill level 18 in Stealth
 13453 | Lair:8   | Reached XP level 13. HP: 42/63 MP: 19/31
 13801 | Lair:8   | Reached skill level 1 in Throwing
 14756 | Lair:6   | Noticed a five-headed hydra
 15121 | Lair:6   | Killed a five-headed hydra
 15416 | Lair:7   | You fall through a shaft!
 15604 | Lair:7   | Found a staircase to the Slime Pits.
 15672 | Slime:1  | Entered Level 1 of the Pits of Slime
 15677 | Slime:1  | Noticed an acid blob
 16396 | Slime:2  | Noticed an acid blob
 16411 | Slime:3  | Noticed an acid blob
 16417 | Slime:3  | Killed an acid blob
 16429 | Slime:3  | Gained mutation: You occasionally shout uncontrollably at your foes. [a shining eye]
 16457 | Slime:5  | Noticed an acid blob
 16465 | Slime:6  | Entered Level 6 of the Pits of Slime
 16470 | Slime:6  | HP: 3/65 [acid blob/splash of acid (5)]
 16470 | Slime:6  | Splashed by an acid blob's acid

Action                   |  1- 3 |  4- 6 |  7- 9 | 10-12 | 13-15 || total
-------------------------+-------+-------+-------+-------+-------++-------
Melee: Unarmed           |    10 |       |       |       |       ||    10
       Dagger            |    19 |   128 |   228 |  1072 |   315 ||  1762
 Fire: Blowgun           |       |       |     6 |     9 |       ||    15
Throw: Tomahawk          |       |       |    11 |       |       ||    11
 Cast: Freeze            |    20 |     2 |       |       |       ||    22
       Throw Frost       |       |    14 |     4 |       |       ||    18
       Ozocubu's Armour  |       |       |     1 |     1 |       ||     2
       Repel Missiles    |       |       |       |     1 |     1 ||     2
  Use: Potion            |     1 |     5 |     2 |       |       ||     8
       Scroll            |       |       |     9 |     8 |     7 ||    24
 Stab: Sleeping          |     3 |     8 |    24 |    63 |    11 ||   109
       Distracted        |       |     1 |     2 |     7 |     2 ||    12
       Confused          |       |       |       |     1 |       ||     1
       Fleeing           |       |       |       |     1 |       ||     1
  Eat: Fruit             |       |       |     3 |       |       ||     3
       Bread ration      |       |       |       |     2 |     1 ||     3
